 Dungeon Crawl Stone Soup version 0.19.1 (webtiles) character file.

17978 Host24 the Fighter (level 12, -9/85 HPs)
             Began as a Kobold Hunter on Dec 26, 2016.
             Was a High Priest of Dithmenos.
             Mangled by a salamander
             ... wielding a +2 spear
              (15 damage)
             ... in a volcano.
             The game lasted 01:03:56 (17521 turns).

Host24 the Fighter (Kobold Hunter)                 Turns: 17521, Time: 01:03:57

Health: -9/85      AC:  8    Str: 14    XL:     12   Next: 89%
Magic:  12/12      EV: 27    Int: 12    God:    Dithmenos [*****.]
Gold:   641        SH:  0    Dex: 21    Spells: 0 memorised, 11 levels left

rFire  . . .     SeeInvis .     r - +2 short sword (freeze)
rCold  . . .     Gourm    .     H - +0 robe {MR+}
rNeg   . . .     Faith    .     (shield restricted)
rPois  .         Spirit   .     q - +1 helmet
rElec  .         Reflect  .     e - +0 cloak
rCorr  +         Harm     .     V - +2 pair of gloves
MR     +....                    (no boots)
Stlth  +++++++...               (no amulet)
                                P - ring of flight
                                F - ring of resist corrosion

@: mighty, wreathed by umbra
A: carnivore 3
a: Shadow Step, Shadow Form, Renounce Religion, Evoke Flight


You were in a volcano.
You worshipped Dithmenos.
Dithmenos was extremely pleased with you.
You were full.

You visited 2 branches of the dungeon, and saw 12 of its levels.
You visited the Abyss 1 time.
You also visited: Volcano.

You collected 641 gold pieces.

Inventory:

Hand Weapons
 j - a +0 arbalest
 r - a +2 short sword of freezing (weapon)
 D - a +3 dagger of venom
 X - a +1 short sword of electrocution
Missiles
 d - 30 bolts
 o - 22 stones (quivered)
Armour
 e - a +0 cloak (worn)
 q - a +1 helmet (worn)
 H - a +0 robe of magic resistance (worn)
 V - a +2 pair of gloves (worn)
Jewellery
 p - an uncursed ring of wizardry
 F - a ring of resist corrosion (left hand)
 P - a ring of flight (right hand)
Wands
 a - a wand of iceblast (3/15)
 c - a wand of slowing (37/48)
 s - a wand of digging (10/24)
 u - a wand of teleportation (2/9)
 O - a wand of digging (5/24)
Scrolls
 h - a scroll of fear {unknown}
 i - a scroll of fog
 k - a scroll of remove curse
 l - a scroll of vulnerability {unknown}
 m - a scroll of identify
 n - a scroll of blinking
 L - a scroll of noise {unknown}
 W - a scroll of magic mapping {unknown}
 Y - a scroll of silence {unknown}
Potions
 g - 2 potions of flight
 v - a potion of haste
 G - a potion of curing
 S - a potion of magic {unknown}
 T - a potion of berserk rage {unknown}
Miscellaneous
 b - a fan of gales
Comestibles
 f - 5 meat rations


   Skills:
 - Level 14.0 Fighting
 - Level 2.1 Short Blades
 - Level 11.1 Crossbows
 - Level 13.0 Dodging
 + Level 9.6 Stealth


You had 11 spell levels left.
You didn't know any spells.

Dungeon Overview and Level Annotations

Branches:
Dungeon (10/15)            Temple (0/1) D:4            Lair (2/6) D:10
    Orc (0/2) D:10
  Swamp: Lair:2-4    Shoals: Lair:2-4     Snake: Lair:2-4    Spider: Lair:2-4

Altars:
Ashenzari
Dithmenos
Elyvilon
Fedhas
Kikubaaqudgha
Makhleb
Nemelex Xobeh
Qazlal
Ru
Sif Muna
Vehumet
Zin
The Shining One

Shops:
D:7 :   D:8 =

Annotations:
D:5 1 runed door, Grinder


Innate Abilities, Weirdness & Mutations

You are small and have problems with some larger weapons.
You are carnivorous and can eat meat at any time.


Message History

The helpless salamander fails to defend itself.
You skewer the salamander like a kebab!!!
You freeze the salamander!!
The salamander is almost dead.
The salamander hits you with an enchanted spear!
You are engulfed in flames!
You closely miss the salamander.
The salamander is almost dead.
The salamander hits you but does no damage.
You barely miss the salamander.
The salamander is almost dead.
The salamander hits you with an enchanted spear!
* * * LOW HITPOINT WARNING * * *
You are engulfed in flames!
* * * LOW HITPOINT WARNING * * *
You feel very mighty all of a sudden.
The salamander hits you with an enchanted spear.
* * * LOW HITPOINT WARNING * * *
You are engulfed in flames!
You die...

#### ###§§#
##≈≈≈§###
#≈≈≈≈≈≈≈##
#§§§≈.≈≈§###
##....≈≈§§≈##
#≈N...≈§≈≈≈≈#
#∩@...≈≈§§≈##
#...#..§≈§≈§# ##
#####.≈.#######.###
##..#####......
###.........§≈
###....≈§§§≈
##...≈≈≈§§
#....≈≈≈≈§
###...≈≈≈≈


You could see a salamander.

Vanquished Creatures
  A tentacled starspawn (Abyss:1)
  A hydra (Lair:2)
  Erica (D:8)
  Pikel (D:7)
  2 hill giants
  An oklob plant (D:10)
  A black mamba (Lair:2)
  Joseph (D:7)
  3 spiny frogs
  A rime drake (Lair:2)
  An ancient zyme (Abyss:1)
  A troll (D:10)
  A two-headed ogre (D:8)
  3 raiju (Abyss:1)
  6 hippogriffs
  6 yaks (Lair:1)
  A wyvern (D:8)
  A hungry ghost (D:4)
  2 small abominations (Abyss:1)
  A neqoxec (Abyss:1)
  4 water moccasins (Lair:1)
  5 porcupines
  Duvessa (D:7)
  2 hell hounds (Lair:2)
  2 black bears
  9 orc warriors
  2 ice beasts
  4 sky beasts
  8 necrophages
  10 ogres
  2 phantoms (D:4)
  5 centaurs
  4 crocodiles
  3 big kobolds (D:10)
  4 bullfrogs
  2 gnoll sergeants (D:10)
  Dowan (D:7)
  2 scorpions
  A wyvern skeleton (D:7)
  6 killer bees (D:8)
  6 wights
  2 howler monkeys
  2 crimson imps
  A centaur zombie (D:8)
  A jelly (D:5)
  8 orc priests
  2 bullfrog zombies
  2 hounds
  An iron imp (Abyss:1)
  Jessica (D:7)
  An iguana (D:8)
  6 orc wizards
  7 worker ants
  2 hound skeletons
  A mummy (D:8)
  A howler monkey zombie (D:8)
  2 worker ant zombies
  5 gnolls
  8 adders
  3 shadow imps
  2 adder skeletons
  4 worms
  2 dart slugs
  6 leopard geckos
  37 orcs
  7 bats
  2 giant cockroaches
  8 hobgoblins
  19 jackals
  8 quokkas
  A ball python (D:8)
  11 frilled lizards
  9 goblins
  A jackal skeleton (D:6)
  9 kobolds
  A quokka skeleton (D:8)
  9 rats
311 creatures vanquished.

Vanquished Creatures (others)
  A slave (D:7)
  An ogre (D:9)
  2 hounds (D:7)
  A hound skeleton (D:7)
  A worker ant zombie (D:7)
  4 gnolls (D:7)
  An orc (D:7)
  2 giant cockroaches (D:7)
  2 starspawn tentacles (Abyss:1)
15 creatures vanquished.

Grand Total: 326 creatures vanquished

Notes
Turn   | Place    | Note
-------+----------+-------------------------------------------
     0 | D:1      | Host24 the Kobold Hunter began the quest for the Orb.
     0 | D:1      | Reached XP level 1. HP: 12/12 MP: 1/1
    46 | D:1      | Reached skill level 5 in Crossbows
    70 | D:1      | Reached XP level 2. HP: 16/18 MP: 2/2
   352 | D:1      | Reached skill level 3 in Fighting
   562 | D:1      | Reached XP level 3. HP: 23/23 MP: 3/3
  1189 | D:1      | Reached skill level 4 in Fighting
  1512 | D:2      | Reached XP level 4. HP: 24/29 MP: 4/4
  1912 | D:2      | Found an ancient bone altar of Kikubaaqudgha.
  2202 | D:3      | Found a shadowy altar of Dithmenos.
  2206 | D:3      | Became a worshipper of Dithmenos the Shadowed
  2333 | D:3      | Found a blossoming altar of Fedhas.
  2689 | D:3      | Reached XP level 5. HP: 11/33 MP: 5/5
  2697 | D:3      | HP: 1/33 [orc/whip (7)]
  3068 | D:3      | HP: 1/33 [something (3)]
  3421 | D:3      | Noticed an ogre
  3427 | D:3      | Killed an ogre
  3427 | D:3      | Reached skill level 5 in Dodging
  3427 | D:3      | Reached XP level 6. HP: 38/38 MP: 6/6
  4266 | D:4      | Noticed a hungry ghost
  4286 | D:4      | Killed a hungry ghost
  4286 | D:4      | Reached XP level 7. HP: 43/43 MP: 7/7
  4508 | D:4      | Found a sparkling altar of Nemelex Xobeh.
  4522 | D:4      | Found a stormy altar of Qazlal.
  4555 | D:4      | Noticed a hippogriff
  4565 | D:4      | Killed a hippogriff
  4565 | D:4      | Reached skill level 5 in Fighting
  4735 | D:4      | Reached skill level 6 in Fighting
  4753 | D:4      | Reached * piety under Dithmenos
  4796 | D:4      | Reached XP level 8. HP: 50/52 MP: 8/8
  5295 | D:4      | Found a staircase to the Ecumenical Temple.
  5403 | D:5      | Entered Level 5 of the Dungeon
  5459 | D:5      | Reached skill level 7 in Fighting
  5481 | D:5      | Found a sacrificial altar of Ru.
  5486 | D:5      | Got a jewelled leather armour
  5618 | D:5      | Found a runed door.
  5630 | D:5      | Noticed Grinder
  6028 | D:5      | Reached skill level 5 in Stealth
  6284 | D:5      | Found a burning altar of Makhleb.
  6732 | D:6      | Reached skill level 8 in Fighting
  6732 | D:6      | Reached XP level 9. HP: 48/58 MP: 9/9
  6766 | D:6      | Reached ** piety under Dithmenos
  6893 | D:6      | Reached skill level 9 in Fighting
  7142 | D:6      | Found a glowing silver altar of Zin.
  7142 | D:6      | Found a white marble altar of Elyvilon.
  7143 | D:6      | Found a glowing golden altar of the Shining One.
  7348 | D:6      | Found a stormy altar of Qazlal.
  7390 | D:7      | Noticed Pikel
  7412 | D:7      | Killed Pikel
  7694 | D:7      | Noticed a hippogriff
  7716 | D:7      | Killed a hippogriff
  8264 | D:7      | Got a shimmering whip
  8266 | D:7      | Identified the cursed +0 whip "Cyixt" {slash, rElec} (You found it on level 7 of the Dungeon)
  8288 | D:7      | Noticed Jessica
  8296 | D:7      | Killed Jessica
  8303 | D:7      | Found a deep blue altar of Sif Muna.
  8414 | D:7      | Reached XP level 10. HP: 60/65 MP: 10/10
  8519 | D:7      | Noticed Joseph
  8536 | D:7      | Killed Joseph
  8649 | D:7      | Noticed Duvessa
  8656 | D:7      | Killed Duvessa
  8661 | D:7      | Noticed Dowan
  8669 | D:7      | Killed Dowan
  8672 | D:7      | Found Paodoski's Book Shoppe.
  8698 | D:7      | Reached skill level 10 in Dodging
  8950 | D:8      | Noticed Erica
  9151 | D:8      | Killed Erica
  9151 | D:8      | Reached skill level 10 in Fighting
  9440 | D:8      | Found Adocupau's Jewellery Shop.
  9486 | D:8      | Identified the +3 leather armour of the Republic {rN+ MR+ Regen+ Stlth-} (You found it on level 5 of the Dungeon)
  9627 | D:8      | Reached *** piety under Dithmenos
  9906 | D:8      | Reached skill level 11 in Fighting
 10658 | D:8      | Reached XP level 11. HP: 73/73 MP: 11/11
 10725 | D:9      | Noticed a hill giant
 10997 | D:9      | Found a shattered altar of Ashenzari.
 12003 | D:9      | Reached **** piety under Dithmenos
 12009 | D:9      | Reached skill level 12 in Fighting
 12048 | D:9      | Killed a hill giant
 12364 | D:10     | Entered Level 10 of the Dungeon
 12500 | D:10     | Noticed a hill giant
 12513 | D:10     | Killed a hill giant
 12624 | D:10     | Cast into level 1 of the Abyss (orc warrior)
 12687 | Abyss:1  | Noticed a tentacled starspawn
 12706 | Abyss:1  | Killed a tentacled starspawn
 12709 | Abyss:1  | Gained mutation: Your movements are slightly less encumbered by armour. (ER -2) [potion of mutation]
 12709 | Abyss:1  | Gained mutation: You tend to lose your temper in combat. [potion of mutation]
 12709 | Abyss:1  | Gained mutation: You have sharp toenails. [potion of mutation]
 13016 | Abyss:1  | Found a corrupted altar of Lugonu.
 13062 | Abyss:1  | Found a runed door.
 13135 | Abyss:1  | Noticed a starcursed mass
 13156 | Abyss:1  | Gained mutation: You expend magic power (3 MP) to strengthen your wands. [a neqoxec]
 13227 | Abyss:1  | Reached XP level 12. HP: 47/82 MP: 12/12
 13249 | Abyss:1  | Noticed a tentacled starspawn
 13283 | Abyss:1  | Noticed a starcursed mass
 13378 | Abyss:1  | Noticed a starcursed mass
 13443 | Abyss:1  | Noticed a wretched star
 13471 | Abyss:1  | Noticed a bone dragon
 13513 | Abyss:1  | Noticed a purple very ugly thing
 13653 | Abyss:1  | Noticed a wretched star
 13715 | Abyss:1  | Noticed a hell hog
 13720 | D:10     | Escaped the Abyss
 13790 | D:10     | Found a radiant altar of Vehumet.
 14012 | D:10     | Found a staircase to the Lair.
 14091 | D:10     | Reached skill level 13 in Fighting
 14107 | D:10     | Lost mutation: You expend magic power (3 MP) to strengthen your wands. [potion of cure mutation]
 14107 | D:10     | Lost mutation: You have sharp toenails. [potion of cure mutation]
 14107 | D:10     | Lost mutation: You tend to lose your temper in combat. [potion of cure mutation]
 14107 | D:10     | Lost mutation: Your movements are slightly less encumbered by armour. (ER -2) [potion of cure mutation]
 14477 | D:10     | Reached ***** piety under Dithmenos
 15007 | D:10     | Found a staircase to the Orcish Mines.
 15097 | D:10     | Reached skill level 10 in Crossbows
 15123 | Lair:1   | Entered Level 1 of the Lair of Beasts
 15823 | Lair:1   | Reached skill level 1 in Short Blades
 17081 | Lair:2   | Noticed a four-headed hydra
 17095 | Lair:2   | Killed a four-headed hydra
 17095 | Lair:2   | Reached skill level 14 in Fighting
 17335 | Lair:2   | Found a dark tunnel.
 17494 | Volcano  | Entered a volcano
 17521 | Volcano  | Mangled by a salamander

Skill      XL: |  1  2  3  4  5  6  7  8  9 10 11 12 |
---------------+-------------------------------------+-----
Crossbows      | 5 8 9 11 | 11.1
Fighting       | 3 4 6 8 9 11 12 14 | 14.0
Dodging        | 4 5 7 8 10 13 | 13.0
Stealth        | 5 7 8 9 |  9.6
Short Blades   | 2 |  2.1

Action                   |  1- 3 |  4- 6 |  7- 9 | 10-12 || total
-------------------------+-------+-------+-------+-------++-------
Melee: Short sword       |   163 |    48 |       |   211 ||   422
       Dagger            |       |   244 |   271 |   480 ||   995
       Hand crossbow     |       |       |       |     1 ||     1
       Kick              |       |       |       |    27 ||    27
 Fire: Hand crossbow     |    11 |    17 |    58 |   252 ||   338
       Arbalest          |       |       |       |    30 ||    30
Throw: Stone             |       |       |       |     2 ||     2
       Tomahawk          |       |       |       |     5 ||     5
Evoke: Wand              |       |     1 |       |       ||     1
  Use: Potion            |       |     5 |       |    12 ||    17
       Scroll            |       |     2 |     2 |    10 ||    14
 Stab: Sleeping          |     3 |     2 |    12 |    23 ||    40
       Distracted        |       |       |     1 |     3 ||     4
  Eat: Chunk             |    10 |     9 |    19 |    28 ||    66
Armor: Leather armour    |    31 |       |       |       ||    31
       Robe              |    14 |    33 |    27 |    79 ||   153
       Skin              |       |     6 |       |       ||     6
Dodge: Dodged            |   130 |   145 |   269 |   870 ||  1414
Block: Buckler           |    11 |    41 |    15 |       ||    67
